 Dungeon Crawl Stone Soup version 0.26-a0-284-g73c0fb6129 (webtiles) character file.

Game seed: 7795327633800861925

41898 Misa the Warrior (level 14, -1/98 HPs)
             Began as a Gargoyle Berserker on July 13, 2020.
             Was the Champion of Trog.
             Slain by Snorg (13 damage)
             ... on level 5 of the Lair of Beasts.
             The game lasted 00:54:15 (17266 turns).

Misa the Warrior (Gargoyle Berserker)              Turns: 17266, Time: 00:54:16

Health: -1/98      AC: 32    Str: 27    XL:     14   Next: 17%
Magic:  14/14      EV: 11    Int:  7    God:    Trog [******]
Gold:   1002       SH:  0    Dex: 12    Spells: 13/13 levels left

rFire    + . .     SeeInvis .   z - +1 executioner's axe (flame)
rCold    + + +     Faith    .   (shield currently unavailable)
rNeg     + + .     Spirit   .   D - +3 scale mail of Wurufatt {rC+ rN+ MR+}
rPois    ∞         Reflect  .   (no helmet)
rElec    +         Harm     .   n - scarf {rC+ rF+}
rCorr    .                      e - +1 pair of gloves {Dex+3}
MR       ++...                  a - +1 pair of boots {Fly}
Stlth    ..........             (no amulet)
HPRegen  0.26/turn              y - ring of protection from cold
MPRegen  0.14/turn              m - +4 ring of protection

@: berserk cooldown, flying, slowed, very slow
A: big wings, negative energy resistance 1, electricity resistance, unbreathing,
petrification resistance, rot immunity, AC +10
a: Stop Flying, Berserk, Trog's Hand, Brothers in Arms, Renounce Religion


You were on level 5 of the Lair of Beasts.
You worshipped Trog.
Trog was exalted by your worship.
You visited 2 branches of the dungeon, and saw 17 of its levels.

You collected 1392 gold pieces.
You spent 390 gold pieces at shops.

Inventory:

Hand Weapons
 z - a +1 executioner's axe of flaming (weapon)
 L - a +1 broad axe of electrocution
 M - a +4 hand axe of flaming
Armour
 a - a +1 pair of boots of flying (worn)
 e - a +1 pair of gloves of dexterity (worn)
 n - a scarf of resistance (worn)
 C - a +0 plate armour
 D - the +3 scale mail of Wurufatt (worn) {rC+ rN+ MR+}
   (You found it on level 8 of the Dungeon)

   It protects you from cold.
   It protects you from negative energy.
   It affects your resistance to hostile enchantments.
Jewellery
 m - a +4 ring of protection (right hand)
 y - a ring of protection from cold (left hand)
 A - an uncursed ring of flight {unknown}
 G - an uncursed ring of fire {unknown}
 J - an uncursed ring of positive energy
Wands
 l - a wand of paralysis (8)
 w - a wand of random effects (16)
 x - a wand of clouds (8)
 B - a wand of digging (5)
 E - a wand of acid (10)
 I - a wand of disintegration (28)
 K - a wand of iceblast (6)
Scrolls
 b - 2 scrolls of enchant weapon
 c - a scroll of noise
 d - 5 scrolls of blinking
 f - 11 scrolls of teleportation
 i - a scroll of holy word {unknown}
 k - 5 scrolls of identify
 o - a scroll of fog
 s - a scroll of enchant armour
 u - 9 scrolls of remove curse
 v - 2 scrolls of fear
Potions
 g - 3 potions of stabbing {unknown}
 h - 3 potions of resistance
 j - 8 potions of curing
 p - 2 potions of invisibility
 q - a potion of ambrosia {unknown}
 r - 2 potions of cancellation
 t - 2 potions of haste
 F - 2 potions of heal wounds
 H - 2 potions of berserk rage


   Skills:
 + Level 15.0 Fighting
 + Level 13.0 Axes
 + Level 14.8 Armour
 - Level 1.5 Dodging


You had 13 spell levels left.
You didn't know any spells.
Your spell library was empty.

Dungeon Overview and Level Annotations

Branches:
Dungeon (11/15)            Temple (0/1) D:5            Lair (6/6) D:8
  Swamp (0/4) Lair:2        Snake (0/4) Lair:2        Slime (0/5) Lair:6
    Orc (0/2) D:10

Altars:
Ashenzari
Dithmenos
Elyvilon
Fedhas
Hepliaklqana
Kikubaaqudgha
Makhleb
Ru
Sif Muna
Trog
Vehumet
Wu Jian
Xom
Beogh

Shops:
D:8 [

Annotations:
D:3 2 transporters
D:6 rakshasa
D:9 2 transporters, deyja's ghost, novice MiFi
Lair:2 3 runed translucent doors, exclusion: 3 doors, Suethroe's ghost, journeyman KoBe
Lair:5 Snorg
Lair:6 exclusion: oklob plant


Innate Abilities, Weirdness & Mutations

You are resistant to torment.
Your stone body is resilient. (AC +10)
You are immune to poison.
Your large and strong wings let you fly indefinitely.
You resist negative energy. (rN+)
You are resistant to electric shocks. (rElec)
You can survive without breathing.
You are immune to petrification.
You are immune to rotting.


Message History

Snorg claws you but does no damage.
You slice Snorg!! You burn Snorg!
Snorg is severely wounded.
You hit the cane toad. You burn the cane toad.
You are no longer berserk.
You are exhausted.
You feel yourself slow down.
The cane toad stings you but does no damage.
Snorg bites you but does no damage. Snorg closely misses you. x2
You slice Snorg!! You burn Snorg.
Snorg is almost dead.
You slice the cane toad!! You burn the cane toad.
You kill the cane toad!
Trog accepts your kill.
Your Axes skill increases to level 13!
Snorg bites you but does no damage. Snorg claws you but does no damage.
Snorg claws you!
* * * LOW HITPOINT WARNING * * *
Snorg bites you but does no damage. Snorg claws you!
You die...

................#......#
...............##..###.#
................##<...##
...............##..
....................
....................
......).............
.#............#.#.#
..(.....†@......## #
.....#P..T.#..### ?../
##......## ..P .....#..#
.. .......#..# .
.............#
...............
.......... ...?


You could see Snorg (berserk).

Vanquished Creatures
  Gastronok (D:10)
  Harold (D:8)
  5 hydras
  A rakshasa (D:6)
  4 two-headed ogres
  A queen ant (Lair:2)
  A skeletal warrior (D:6)
  A cyclops (D:6)
  6 elephants
  A manticore (D:11)
  5 black mambas
  A gargoyle (D:6)
  9 cane toads
  A torpor snail (Lair:6)
  2 rime drakes
  3 komodo dragons
  A troll (D:10)
  2 polar bears
  A hornet (D:8)
  A slime creature (Lair:6)
  4 blink frogs (Lair:2)
  A bog body (Lair:2)
  5 hippogriffs
  4 dream sheep (Lair:6)
  A wraith (D:10)
  3 wyverns
  24 yaks
  A vampire (D:8)
  3 fire bats (Lair:2)
  A steam dragon (D:9)
  20 soldier ants (Lair:2)
  3 wargs (D:8)
  26 water moccasins
  4 orc warriors
  A black bear (D:8)
  5 porcupines
  3 sky beasts
  2 ice beasts
  4 phantoms
  8 ogres
  6 centaurs
  14 wolves
  5 crocodiles
  Blork the orc (D:5)
  2 big kobolds
  6 bullfrogs
  3 gnoll sergeants (D:9)
  2 wyvern skeletons
  2 scorpions
  10 killer bees
  4 howler monkeys
  8 wights
  An electric eel (Lair:2)
  A centaur zombie (D:8)
  4 quasits
  2 bullfrog skeletons
  A centaur skeleton (D:6)
  3 jellies
  8 orc wizards
  11 orc priests
  9 hounds
  Crazy Yiuf (D:5)
  Terence (D:2)
  4 iguanas
  30 worker ants
  2 hound zombies
  5 hound skeletons
  17 gnolls
  23 adders
  4 shadow imps
  5 white imps
  5 ufetubi
  An ooze (D:6)
  2 worms
  2 dart slugs
  6 leopard geckos
  36 orcs
  5 giant cockroaches
  10 goblins
  15 hobgoblins
  16 jackals
  2 quokkas
  A ball python (D:1)
  4 bats
  A frilled lizard (D:3)
  A jackal skeleton (D:5)
  25 kobolds
  A leopard gecko zombie (D:7)
  A quokka zombie (D:5)
  8 rats
  A bush (D:6)
  4 fungi
  5 plants
518 creatures vanquished.

Vanquished Creatures (collateral kills)
  A cane toad (Lair:6)
  4 yaks (Lair:6)
  3 wolves (Lair:6)
  A jelly (Lair:6)
  A kobold (D:8)
10 creatures vanquished.

Vanquished Creatures (others)
  A bat (D:4)
  A fungus (Lair:6)
  10 plants
12 creatures vanquished.

Grand Total: 540 creatures vanquished

Notes
Turn   | Place    | Note
-------+----------+-------------------------------------------
     0 | D:1      | Misa the Gargoyle Berserker began the quest for the Orb.
     0 | D:1      | Reached XP level 1. HP: 14/14 MP: 1/1
   137 | D:1      | Reached XP level 2. HP: 15/19 MP: 2/2
   726 | D:1      | Reached XP level 3. HP: 21/24 MP: 3/3
   817 | D:2      | Noticed Terence
   821 | D:2      | Reached skill level 4 in Fighting
   824 | D:2      | Reached ** piety under Trog
   827 | D:2      | Killed Terence
   930 | D:2      | Reached XP level 4. HP: 29/29 MP: 4/4
  1376 | D:2      | Found a burning altar of Makhleb.
  1635 | D:2      | Reached XP level 5. HP: 34/34 MP: 5/5
  1724 | D:3      | Found a transporter.
  1725 | D:3      | Found a transporter.
  1732 | D:3      | Found a shattered altar of Ashenzari.
  2247 | D:3      | Reached *** piety under Trog
  2445 | D:3      | Reached skill level 5 in Fighting
  2482 | D:3      | Reached XP level 6. HP: 39/40 MP: 6/6
  2729 | D:4      | Found a white marble altar of Elyvilon.
  2982 | D:4      | Found an ornate altar of the Wu Jian Council.
  2982 | D:4      | Found a bloodstained altar of Trog.
  2983 | D:4      | Found a shadowy altar of Dithmenos.
  3631 | D:5      | Entered Level 5 of the Dungeon
  3825 | D:4      | Reached XP level 7. HP: 43/45 MP: 7/7
  4084 | D:5      | Reached skill level 6 in Fighting
  4084 | D:5      | Reached skill level 5 in Armour
  4085 | D:5      | Reached skill level 5 in Axes
  4089 | D:5      | Reached **** piety under Trog
  4196 | D:5      | Noticed Blork the orc
  4210 | D:5      | Killed Blork the orc
  4210 | D:5      | Reached XP level 8. HP: 52/52 MP: 8/8
  4276 | D:5      | Found a staircase to the Ecumenical Temple.
  4609 | D:5      | Found a sacrificial altar of Ru.
  4694 | D:5      | Found a runed translucent door.
  4695 | D:5      | Noticed Crazy Yiuf
  4705 | D:5      | Killed Crazy Yiuf
  4914 | D:6      | Reached skill level 7 in Fighting
  5859 | D:6      | Found a blossoming altar of Fedhas.
  6084 | D:6      | Found a shimmering altar of Xom.
  6316 | D:7      | Noticed a two-headed ogre
  6328 | D:7      | Killed a two-headed ogre
  6328 | D:7      | Reached skill level 8 in Fighting
  6328 | D:7      | Reached XP level 9. HP: 60/60 MP: 9/9
  6484 | D:7      | Reached skill level 9 in Fighting
  7000 | D:7      | Reached ***** piety under Trog
  7000 | D:7      | Reached XP level 10. HP: 66/66 MP: 10/10
  7192 | D:6      | Got a shadowed robe
  7203 | D:6      | Identified the +0 robe of the Morning {Str+3} (You found it
                  | on level 6 of the Dungeon)
  7306 | D:6      | Noticed a gargoyle
  7306 | D:6      | Noticed a rakshasa
  7420 | D:8      | Noticed a two-headed ogre
  7429 | D:8      | Killed a two-headed ogre
  7672 | D:8      | Reached skill level 10 in Fighting
  7679 | D:8      | Noticed Harold
  7693 | D:8      | Killed Harold
  7696 | D:8      | Found Fuogarghe's Antique Armour Shop.
  7800 | D:8      | Bought a pair of embroidered boots for 195 gold pieces
  7951 | D:8      | Reached skill level 10 in Armour
  8175 | D:8      | Found a staircase to the Lair.
  8224 | D:8      | Noticed a two-headed ogre
  8233 | D:8      | Killed a two-headed ogre
  8233 | D:8      | Reached XP level 11. HP: 73/73 MP: 11/11
  8810 | D:8      | Got an ichor-stained scale mail
  8825 | D:8      | Identified the +3 scale mail of Wurufatt {rC+ rN+ MR+} (You
                  | found it on level 8 of the Dungeon)
  8921 | D:8      | Bought a pair of embroidered gloves for 195 gold pieces
  8970 | D:8      | Reached skill level 11 in Fighting
  9209 | D:8      | Found an ancient bone altar of Kikubaaqudgha.
  9216 | D:8      | Found a shimmering blue altar of Sif Muna.
  9218 | D:8      | Found a radiant altar of Vehumet.
  9342 | D:9      | Found a transporter.
  9499 | D:9      | Noticed deyja's ghost (novice MiFi)
  9987 | D:9      | Found a transporter.
 10237 | D:9      | Found a hazy altar of Hepliaklqana.
 10245 | D:9      | Noticed a two-headed ogre
 10255 | D:9      | Killed a two-headed ogre
 10620 | D:9      | Received a gift from Trog
 10973 | D:9      | Got a polished chain mail
 10985 | D:9      | Identified the +1 chain mail of the Salamander {*Corrode
                  | rElec rN+} (You found it on level 9 of the Dungeon)
 11149 | D:10     | Entered Level 10 of the Dungeon
 11303 | D:10     | Reached skill level 10 in Axes
 11307 | D:10     | Noticed Gastronok
 11409 | D:10     | Killed Gastronok
 11409 | D:10     | Reached skill level 12 in Fighting
 11794 | D:10     | You are sucked into a shaft and drop 1 floor!
 11798 | D:11     | Noticed a manticore
 11803 | D:11     | Killed a manticore
 11803 | D:11     | Reached XP level 12. HP: 77/81 MP: 12/12
 11823 | D:10     | Found a staircase to the Orcish Mines.
 11832 | D:10     | Found a roughly hewn altar of Beogh.
 12537 | D:6      | Killed a rakshasa
 12663 | D:6      | Received a gift from Trog
 12999 | Lair:1   | Entered Level 1 of the Lair of Beasts
 13632 | Lair:1   | Noticed a six-headed hydra
 13644 | Lair:1   | Killed a one-headed hydra
 13644 | Lair:1   | Reached skill level 13 in Fighting
 14187 | Lair:2   | Found a runed translucent gate.
 14188 | Lair:2   | Found a runed translucent gate.
 14189 | Lair:2   | Found a runed translucent gate.
 14191 | Lair:2   | Noticed a five-headed hydra
 14191 | Lair:2   | Noticed Suethroe's ghost (journeyman KoBe)
 14260 | Lair:2   | Found a staircase to the Snake Pit.
 14306 | Lair:2   | Noticed a five-headed hydra
 14313 | Lair:2   | Killed a one-headed hydra
 14437 | Lair:2   | Noticed a queen ant
 14454 | Lair:2   | Reached XP level 13. HP: 85/88 MP: 13/13
 14716 | Lair:2   | Found a staircase to the Swamp.
 14826 | Lair:2   | Found a dark tunnel.
 15272 | Lair:2   | Reached skill level 14 in Fighting
 15299 | Lair:2   | Reached ****** piety under Trog
 15871 | Lair:3   | Got a faintly glowing scale mail
 15872 | Lair:3   | Identified the +4 scale mail of Gravitas {Int+3 Stlth+}
                  | (You found it on level 3 of the Lair of Beasts)
 16487 | Lair:4   | Received a gift from Trog
 16724 | Lair:4   | You are sucked into a shaft and drop 2 floors!
 16724 | Lair:6   | Entered Level 6 of the Lair of Beasts
 16846 | Lair:6   | Gained mutation: Your large and strong wings let you fly
                  | indefinitely. [Gargoyle growth]
 16846 | Lair:6   | Reached XP level 14. HP: 45/96 MP: 14/14
 17046 | Lair:6   | Found a staircase to the Slime Pits.
 17109 | Lair:6   | Reached skill level 15 in Fighting
 17252 | Lair:5   | Noticed Snorg
 17266 | Lair:5   | Slain by Snorg

Illustrated notes

Levels and vault maps discovered:
D:1:      psy_arrival_basics, layout_basic
D:2:      layout_basic, bloody_makhleb, uniq_terence
D:3:      minmay_diamond_boxcup, layout_loops_ring, old_standard_altar,
          gammafunk_ghost_gnarly_gnolls, serial_glass, glass_columns_a,
          glass_columns_a, due_unseen_surprise, feat_on_display, minivault_19
D:4:      layout_loops_ring, elyvilon_altar_4,
          gammafunk_temple_overflow_forgotten
D:5:      layout_cave_pools, nicolae_ru_sacrificial_ziggurat, temple_pool_b,
          uniq_crazy_yiuf_cottage, uniq_blork_the_orc
D:6:      minmay_klotski, layout_basic, kennysheep_little_box,
          kennysheep_mini_moat, hangedman_decor_points, minmay_misc_feat_tiny
D:7:      layout_basic
D:8:      layout_loops_corners, grunt_temple_overflow_magic_moments,
          erik_lair_orcish_takeover, serial_shops, shop, uniq_harold
D:9:      kennysheep_housing_project, layout_basic, lemuel_doored_altar,
          gammafunk_ghost_hive
D:10:     layout_cave_pods, minmay_orc_entry_temple_small, uniq_gastronok
D:11:     minmay_ambush_box, layout_gridville, kb_xom_exploding_sheep,
          uniq_nergalle, uniq_maurice
Lair:1:   layout_regular_city
Lair:2:   lemuel_reptile_caves, layout_loops_ring, skrybe_swamp_entry_bodies,
          dummy_snake_entry, gammafunk_ghost_split,
          nicolae_volcano_entry_batcave, minivault_29, serial_bayou_shore_a
Lair:3:   layout_gridlike, grunt_megastairs_5
Lair:4:   layout_roguey, grunt_megastairs_3, uniq_kirke
Lair:5:   layout_layer_cave, gauntlet_entry_generic, lemuel_fruit_tree,
          uniq_snorg
Lair:6:   evilmike_catoblepas_cave, layout_regular_city,
          minmay_slime_entry_pillars, dpeg_oklob_1, uniq_rupert

Skill      XL: |  1  2  3  4  5  6  7  8  9 10 11 12 13 14 |
---------------+-------------------------------------------+-----
Axes           | 3 4 5 7 9 10 11 12 13 | 13.0
Fighting       | 4 5 6 8 9 10 12 13 14 15 | 15.0
Armour         | 3 4 5 7 8 10 11 13 14 | 14.8
Dodging        | |  1.5

Action                   |  1- 3 |  4- 6 |  7- 9 | 10-12 | 13-15 || total
-------------------------+-------+-------+-------+-------+-------++-------
Melee: Hand axe          |    83 |   317 |   291 |    14 |    12 ||   717
       War axe           |       |       |    59 |    66 |       ||   125
       Battleaxe         |       |       |       |   310 |       ||   310
       Broad axe         |       |       |       |   324 |   284 ||   608
       Executioner's axe |       |       |       |       |    95 ||    95
Invok: Berserk           |     1 |     2 |     9 |    13 |     3 ||    28
       Brothers in Arms  |       |       |       |     1 |     1 ||     2
       Trog's Hand       |       |       |       |       |     1 ||     1
  Use: Scroll            |       |       |       |    23 |     1 ||    24
 Stab: Distracted        |       |       |       |       |     1 ||     1
Armor: Ring mail         |    40 |       |       |       |       ||    40
       Scale mail        |       |   169 |   204 |   478 |   405 ||  1256
       Robe              |       |       |       |    17 |       ||    17
       Plate armour      |       |       |       |    10 |       ||    10
Dodge: Dodged            |    59 |   174 |   224 |   459 |   280 ||  1196

Table legend:
 A = Non-vault XP
 B = Vault XP
 C = Vault XP percentage of total XP
 D = Non-vault monster count
 E = Vault monster count
 F = Vault count percentage of total count
                 A         B        C        D         E       F
            +---------+---------+-------+---------+---------+-------
      Total |   41765 |   18090 |  30.2 |     357 |     161 |  31.1
            +---------+---------+-------+---------+---------+-------
        D:1 |      35 |       0 |   0.0 |      21 |       0 |   0.0
        D:2 |     108 |      36 |  25.0 |      23 |       1 |   4.2
        D:3 |     111 |      43 |  27.9 |      26 |      10 |  27.8
        D:4 |     410 |       0 |   0.0 |      15 |       0 |   0.0
        D:5 |     537 |     138 |  20.4 |      15 |       2 |  11.8
        D:6 |    1032 |    3242 |  75.9 |      28 |      15 |  34.9
        D:7 |    1960 |       0 |   0.0 |      24 |       0 |   0.0
        D:8 |    4890 |    1553 |  24.1 |      53 |       9 |  14.5
        D:9 |    2632 |    1097 |  29.4 |      28 |      30 |  51.7
       D:10 |    2367 |    2506 |  51.4 |      20 |      13 |  39.4
       D:11 |     600 |       0 |   0.0 |       4 |       0 |   0.0
     Lair:1 |    4634 |       0 |   0.0 |      19 |       0 |   0.0
     Lair:2 |    6169 |    8718 |  58.6 |      21 |      77 |  78.6
     Lair:3 |    5527 |     425 |   7.1 |      19 |       1 |   5.0
     Lair:4 |    1386 |       0 |   0.0 |       4 |       0 |   0.0
     Lair:5 |    3899 |       0 |   0.0 |      13 |       0 |   0.0
     Lair:6 |    5468 |     332 |   5.7 |      24 |       3 |  11.1
            +---------+---------+-------+---------+---------+-------
